 Dungeon Crawl Stone Soup version 0.25-a0-464-g3004169c2b (webtiles) character file.

Game seed: 1397682120666857751, levelgen mode: deterministic

5719 Kohma the Slicer (level 10, -14/63 HPs)
             Began as a Vampire Enchanter on Feb 4, 2020.
             Was an Initiate of Gozag.
             Demolished by a death yak (26 damage)
             ... on level 8 of the Dungeon.
             The game lasted 00:34:52 (9659 turns).

Kohma the Slicer (Vampire Enchanter)                Turns: 9659, Time: 00:34:52

Health: -14/63     AC:  8    Str: 13    XL:     10   Next: 48%
Magic:  10/13      EV: 19    Int: 23    God:    Gozag
Gold:   633        SH:  0    Dex: 28    Spells: 5/13 levels left

rFire    . . .     SeeInvis +   a - +6 rapier of Kooperaq {venom, rC+ Dex+7}
rCold    + . .     Gourm    .   (no shield)
rNeg     . . .     Faith    .   x - +2 leather armour "Qatt" {Int+3 Dex+6 Slay+2}
rPois    .         Spirit   .   j - +0 helmet
rElec    .         Reflect  .   w - scarf {repulsion}
rCorr    .         Harm     .   (no gloves)
MR       +....                  E - +1 pair of boots {Fly}
Stlth    +++++.....             (no amulet)
HPRegen  0.40/turn              (no ring)
MPRegen  0.13/turn              (no ring)

@: mighty, confusing touch, about to teleport, flying, regenerating quickly,
repel missiles
A: no food, fangs 3, see invisible, unbreathing
a: Exsanguinate, Potion Petition, Call Merchant, Bribe Branch, Renounce
Religion, Stop Flying


You were on level 8 of the Dungeon.
You worshipped Gozag.
Gozag was pleased with you.
You were alive.

You visited 2 branches of the dungeon, and saw 10 of its levels.

You collected 1548 gold pieces.
You spent 887 gold pieces at shops.
You paid 28 gold pieces to Gozag.

Inventory:

Hand Weapons
 a - the +6 rapier of Kooperaq (weapon) {venom, rC+ Dex+7}
   (You bought it in a shop on level 5 of the Dungeon)

   It poisons the flesh of those it strikes.
   It affects your dexterity (+7).
   It protects you from cold.
 b - the +4 falchion of the Kidney {vorpal, rElec}
   (You found it on level 6 of the Dungeon)

   It inflicts extra damage upon your enemies.
   It insulates you from electricity.
 A - a +0 scimitar of flaming
Missiles
 d - 207 stones
 p - 3 throwing nets (quivered)
 r - 50 poisoned darts
Armour
 j - a +0 helmet (worn)
 w - a scarf of repulsion (worn)
 x - the +2 leather armour "Qatt" (worn) {Int+3 Dex+6 Slay+2}
   (You bought it in a shop on level 5 of the Dungeon)

   It affects your intelligence (+3).
   It affects your dexterity (+6).
   It affects your accuracy and damage with ranged weapons and melee attacks
   (+2).
   If you remove this armour, your AC will fall 5 points (8 -> 3)
 D - +0 steam dragon scales
 E - a +1 pair of boots of flying (worn)
 G - a cursed +0 leather armour
Jewellery
 n - an uncursed ring of ice
 s - an uncursed ring of flight
Wands
 f - a wand of digging (4)
 h - a wand of polymorph (19)
 l - a wand of flame (37)
Scrolls
 e - 3 scrolls of remove curse
 i - a scroll of teleportation
 q - a scroll of fog
 t - a scroll of enchant weapon
 y - a scroll of amnesia
 H - a scroll of enchant armour
Potions
 c - 5 potions of curing
 g - a potion of cancellation {unknown}
 k - 2 potions of lignification
 o - 2 potions of brilliance
 u - a potion of flight {unknown}
 v - 2 potions of mutation
 z - a potion of ambrosia
 C - a potion of degeneration
 F - a potion of haste {unknown}
 I - a potion of berserk rage {unknown}


   Skills:
 * Level 13.3 Short Blades
 + Level 7.4 Dodging
 - Level 10.1 Stealth
 - Level 2.0 Spellcasting
 - Level 6.4 Hexes
 - Level 1.1 Ice Magic


You had 5 spell levels left.
You knew the following spells:

 Your Spells              Type           Power        Failure   Level  Hunger
a - Tukima's Dance        Hex            ####....     3%          3    N/A
b - Ensorcelled Hibernat  Hex/Ice        ###...       5%          2    N/A
c - Confusing Touch       Hex            ####....     3%          3    N/A

Your spell library contained the following spells:

 Spells                   Type           Power        Failure   Level  Hunger
 Corona                   Hex            ####...      1%          1    N/A
 Dazzling Flash           Conj/Hex       ###...       13%         3    N/A
 Bolt of Magma            Conj/Fire/Erth #.........   99%         5    N/A
 Iskenderun's Battlesphe  Conj/Chrm      #.......     99%         5    N/A
 Iron Shot                Conj/Erth      #.........   100%        6    N/A
 Orb of Destruction       Conj           #.........   100%        7    N/A
 Spellforged Servitor     Conj/Summ      #.........   100%        7    N/A

Dungeon Overview and Level Annotations

Branches:
Dungeon (9/15)             Temple (1/1) D:7            Lair (0/6) D:9
    Orc: D:9-12

Altars:
Ashenzari
Cheibriados
Dithmenos
Elyvilon
Fedhas
Gozag
Hepliaklqana
Kikubaaqudgha
Makhleb
Nemelex Xobeh
Okawaru
Qazlal
Ru
Sif Muna
Trog
Uskayaw
Vehumet
Wu Jian
Xom
Yredelemnul
Zin
The Shining One

Shops:
D:5 !(([


Innate Abilities, Weirdness & Mutations

You do not eat.
Your natural rate of healing is unusually fast.
You have razor-sharp teeth.
You have supernaturally acute eyesight. (SInv)
You can survive without breathing.


Message History

You hit the death yak but do no damage.
You bite the death yak, but do no damage.
The death yak gores you but does no damage.
You hit the death yak but do no damage.
You bite the death yak, but do no damage.
You hit the death yak but do no damage. The death yak barely misses you.
Evoke which item? (* to show all) (? for menu, Esc to quit)
Aiming: Polymorph
Press: ? - help, Shift-Dir - straight line, f - death yak
Aim: a death yak (chance to confuse on hit: 5%, chance to defeat MR: 1%)
The death yak resists with almost no effort.
The death yak gores you!!
* * * LOW HITPOINT WARNING * * *
As you read the scroll of teleportation, it crumbles to dust.
You feel strangely unstable.
The death yak gores you but does no damage.
You feel very mighty all of a sudden. The death yak gores you!!
You die...
Your body crumbles into a pile of gold.

...............#..#
...............#..#
#.....##'##....#..#
#.....#...#....#..#
#.....+...#....'..#
#.....##+##....#..#
..#####...#....#..#
..#.......#....#.Y#
..#....>..#....#@.#
..+..##..##....#####
..#..##..#####.....#
.##.<##......#.....#
.#<..........#.....#
.'...........#.....#
.#...##+####.......#
.#...#......########
.#...+......#


You could see a death yak.

Vanquished Creatures
  Pikel (D:7)
  Psyche (D:8)
  Maggie (D:7)
  Grinder (D:4)
  Sigmund (D:3)
  Edmund (D:6)
  Menkaure (D:4)
  A water moccasin (D:6)
  6 orc warriors
  3 sky beasts
  4 phantoms
  A black bear (D:9)
  4 necrophages
  An ice beast (D:7)
  5 ogres
  2 centaurs
  Blork the orc (D:4)
  Dowan (D:7)
  4 killer bees (D:7)
  4 crimson imps
  3 hounds
  A centaur zombie (D:9)
  2 jellies
  9 orc priests
  11 orc wizards
  4 iguanas
  Terence (D:2)
  9 worker ants
  A killer bee zombie (D:9)
  A hound skeleton (D:4)
  7 gnolls
  6 adders
  3 shadow imps
  An ooze (D:3)
  3 adder skeletons
  An adder zombie (D:7)
  A worm (D:4)
  A dart slug (D:3)
  3 leopard geckos
  35 orcs
  7 bats
  7 giant cockroaches
  7 goblins
  8 hobgoblins
  7 jackals
  9 kobolds
  3 quokkas
  3 ball pythons
  4 frilled lizards
  A jackal skeleton (D:7)
  A jackal zombie (D:6)
  A quokka skeleton (D:8)
  8 rats
213 creatures vanquished.

Vanquished Creatures (others)
  2 slaves (D:7)
  Duvessa (D:7)
  An orc wizard (D:7)
4 creatures vanquished.

Grand Total: 217 creatures vanquished

Notes
Turn   | Place    | Note
-------+----------+-------------------------------------------
     0 | D:1      | Kohma the Vampire Enchanter began the quest for the Orb.
     0 | D:1      | Reached XP level 1. HP: 13/13 MP: 3/3
   171 | D:1      | Reached XP level 2. HP: 9/19 MP: 1/5
   314 | D:1      | Learned a level 2 spell: Ensorcelled Hibernation
   417 | D:1      | Reached skill level 5 in Hexes
   621 | D:1      | Reached skill level 2 in Short Blades
   621 | D:1      | Reached XP level 3. HP: 17/24 MP: 0/6
   740 | D:1      | Reached skill level 5 in Stealth
   934 | D:2      | Noticed Terence
   947 | D:2      | Killed Terence
  1260 | D:2      | Reached XP level 4. HP: 29/30 MP: 5/7
  1288 | D:2      | Learned a level 3 spell: Confusing Touch
  1397 | D:2      | Found an opulent altar of Gozag.
  1398 | D:2      | Found a stormy altar of Qazlal.
  1413 | D:2      | Became a worshipper of Gozag Ym Sagoz the Greedy
  1839 | D:3      | Noticed Sigmund
  1856 | D:3      | Killed Sigmund
  1856 | D:3      | Reached skill level 3 in Short Blades
  1856 | D:3      | Reached XP level 5. HP: 21/35 MP: 3/8
  2199 | D:3      | Reached XP level 6. HP: 35/41 MP: 2/9
  2359 | D:3      | Reached skill level 4 in Short Blades
  2748 | D:3      | Found an opulent altar of Gozag.
  3360 | D:4      | Reached skill level 5 in Short Blades
  3463 | D:4      | Noticed Blork the orc
  3542 | D:4      | Killed Blork the orc
  3542 | D:4      | Reached XP level 7. HP: 46/46 MP: 10/10
  3685 | D:4      | Noticed Menkaure
  3696 | D:4      | Killed Menkaure
  3701 | D:4      | Noticed Grinder
  3728 | D:4      | Paralysed by Grinder for 5 turns
  3751 | D:4      | Killed Grinder
  3751 | D:4      | Reached skill level 6 in Short Blades
  3851 | D:4      | Reached skill level 5 in Dodging
  4215 | D:4      | Reached XP level 8. HP: 52/52 MP: 11/11
  4482 | D:4      | Reached skill level 7 in Short Blades
  4615 | D:5      | Entered Level 5 of the Dungeon
  4685 | D:5      | Found Gysaeleogi's Antique Armour Boutique.
  4696 | D:5      | Bought an embroidered scarf for 240 gold pieces
  4696 | D:5      | Bought a warped leather armour for 210 gold pieces
  4711 | D:5      | Identified the +2 leather armour "Qatt" {Int+3 Dex+6
                  | Slay+2} (You bought it in a shop on level 5 of the Dungeon)
  4915 | D:5      | Found Ratinnacs's Distillery.
  5095 | D:5      | Found Wecid's Antique Weapon Boutique.
  5265 | D:5      | Found Yfe Qopn's Antique Weapon Emporium.
  5320 | D:5      | Reached skill level 8 in Short Blades
  5420 | D:5      | Bought a brightly glowing rapier for 162 gold pieces
  5483 | D:5      | Bought a potion of might for 40 gold pieces
  5483 | D:5      | Bought a potion of degeneration for 10 gold pieces
  5483 | D:5      | Identified the +6 rapier of Kooperaq {venom, rC+ Dex+7}
                  | (You bought it in a shop on level 5 of the Dungeon)
  5701 | D:6      | Noticed Edmund
  5710 | D:6      | Killed Edmund
  5710 | D:6      | Reached skill level 1 in Ice Magic
  5892 | D:6      | Reached skill level 9 in Short Blades
  5892 | D:6      | Reached skill level 10 in Stealth
  5892 | D:6      | Reached XP level 9. HP: 51/57 MP: 7/12
  6111 | D:6      | Got a steaming falchion
  6319 | D:6      | Found a sparkling altar of Nemelex Xobeh.
  6382 | D:6      | Identified the +4 falchion of the Kidney {vorpal, rElec}
                  | (You found it on level 6 of the Dungeon)
  6457 | D:7      | Noticed Pikel
  6462 | D:7      | Killed Pikel
  6462 | D:7      | Reached skill level 10 in Short Blades
  6483 | D:7      | Found a shadowy altar of Dithmenos.
  6591 | D:7      | Reached skill level 11 in Short Blades
  6621 | D:7      | Killed Duvessa
  6626 | D:7      | Noticed Dowan
  6632 | D:7      | Killed Dowan
  6682 | D:7      | Noticed Maggie
  6700 | D:7      | Killed Maggie
  6803 | D:7      | Reached skill level 12 in Short Blades
  6980 | D:5      | Bought a pair of runed boots for 225 gold pieces
  7294 | D:7      | Reached XP level 10. HP: 63/63 MP: 13/13
  7299 | D:7      | Found a staircase to the Ecumenical Temple.
  7317 | Temple   | Entered the Ecumenical Temple
  7793 | D:8      | Found a glowing silver altar of Zin.
  7940 | D:8      | Learned a level 3 spell: Tukima's Dance
  8133 | D:8      | Noticed Psyche
  8140 | D:8      | Killed Psyche
  9074 | D:9      | Reached skill level 13 in Short Blades
  9145 | D:9      | HP: 1/63 [orc warrior/cursed -3 trident (9)]
  9150 | D:9      | HP: 2/63 [orc warrior/cursed -3 trident (14)]
  9384 | D:9      | Noticed a death yak
  9415 | D:9      | Found a staircase to the Lair.
  9415 | D:9      | Noticed a death yak
  9523 | D:9      | Noticed a death yak
  9659 | D:8      | Demolished by a death yak

Levels and vault maps discovered:
D:1:      psy_arrival_dodecagon, layout_rooms,
          hangedman_abyss_or_decor_lesser_grid
D:2:      layout_basic, amethyst_overflow_temple_binary, minmay_tetromino_s2,
          uniq_terence
D:3:      layout_basic, columned_hall_lemuel,
          nicolae_gozag_cash_rules_everything_around_me, uniq_sigmund
D:4:      layout_layer_cave, first_ration, uniq_menkaure, uniq_blork_the_orc,
          uniq_grinder
D:5:      layout_loops_ring, serial_shops, shop, shop_statue, shop, shop,
          serial_bayou_ford_a
D:6:      layout_cave_pools, nemelex_xobeh_ov_fountains_minmay,
          solitary_fountain, kennysheep_generic_room_9, uniq_edmund
D:7:      minmay_angry_zag, layout_loops_cross, minmay_temple_entry_trees,
          basic_altar, uniq_maggie, uniq_duvessa, uniq_pikel
D:8:      layout_gridville, zin_treasury, uniq_psyche
D:9:      layout_basic, dpeg_lair_monsters, serial_shops, shop
Temple:   dpeg_five_rooms_temple

Skill      XL: |  1  2  3  4  5  6  7  8  9 10 |
---------------+-------------------------------+-----
Hexes          | 5 6 |  6.4
Short Blades   | 2 3 5 6 9 12 13 | 13.3
Stealth        | 5 6 7 8 10 | 10.1
Dodging        | 3 4 5 6 7 |  7.4
Ice Magic      | 1 |  1.1
Spellcasting   | |  2.0

Action                   |  1- 3 |  4- 6 |  7- 9 | 10-12 || total
-------------------------+-------+-------+-------+-------++-------
Melee: Dagger            |   121 |   101 |   137 |       ||   359
       Bite              |     8 |     9 |    23 |    30 ||    70
       Rapier            |       |       |   116 |   159 ||   275
 Cast: Corona            |    11 |       |       |       ||    11
       Ensorcelled Hiber |    14 |    31 |    32 |    21 ||    98
       Confusing Touch   |       |     2 |     6 |     5 ||    13
       Tukima's Dance    |       |       |       |     7 ||     7
Evoke: Wand              |       |       |       |     1 ||     1
  Use: Scroll            |       |     7 |     7 |     2 ||    16
       Potion            |       |       |     1 |     3 ||     4
 Stab: Sleeping          |    14 |    26 |    42 |    13 ||    95
       Confused          |       |     2 |     5 |     3 ||    10
       Distracted        |       |       |     2 |     2 ||     4
Armor: Robe              |    26 |    17 |     5 |       ||    48
       Leather armour    |       |       |    33 |    14 ||    47
Dodge: Dodged            |    98 |    45 |   125 |    82 ||   350
       Deflected         |       |       |     1 |       ||     1

Table legend:
 A = Non-vault XP
 B = Vault XP
 C = Vault XP percentage of total XP
 D = Non-vault monster count
 E = Vault monster count
 F = Vault count percentage of total count
                 A         B        C        D         E       F
            +---------+---------+-------+---------+---------+-------
      Total |    5652 |    2518 |  30.8 |     198 |      15 |   7.0
            +---------+---------+-------+---------+---------+-------
        D:1 |      53 |       0 |   0.0 |      30 |       0 |   0.0
        D:2 |      13 |      37 |  74.0 |       9 |       2 |  18.2
        D:3 |     178 |     212 |  54.4 |      27 |       1 |   3.6
        D:4 |     645 |     534 |  45.3 |      22 |       3 |  12.0
        D:5 |     598 |       0 |   0.0 |      20 |       0 |   0.0
        D:6 |     799 |     187 |  19.0 |      20 |       2 |   9.1
        D:7 |    1255 |    1083 |  46.3 |      25 |       5 |  16.7
        D:8 |     742 |     463 |  38.4 |      22 |       1 |   4.3
        D:9 |    1369 |       2 |   0.1 |      23 |       1 |   4.2
            +---------+---------+-------+---------+---------+-------
